 Dungeon Crawl Stone Soup version 0.16-a0-1276-g18860b1 (webtiles) character file.

136 Chiseanne the Caller (level 4, -3/30 HPs)
             Began as a Mummy Summoner on Oct 14, 2014.
             Slain by a giant mite (4 damage)
             ... on level 3 of the Dungeon.
             The game lasted 00:16:53 (7803 turns).

Chiseanne the Caller (Mummy Summoner)               Turns: 7803, Time: 00:16:54

Health: -3/30      AC:  3    Str: 11    XL:     4   Next: 98%
Magic:  5/10       EV: 10    Int: 15    God:
Gold:   63         SH:  0    Dex: 12    Spells: 3 memorised, 4 levels left

rFire  x . .     SeeInvis .     c - +0 mace
rCold  + . .     Clarity  .     i - +0 leather armour
rNeg   + + +     SustAb   .     (no shield)
rPois  +         Gourm    .     (no helmet)
rElec  .         Spirit   .     (no cloak)
rCorr  .         Warding  .     (no gloves)
rMut   .         Stasis   .     (no boots)
MR     .....                    (no amulet)
Stlth  +.........               (no ring)
                                (no ring)

@: not resistant to hostile enchantments, very unstealthy
A: no food or potions, fire vulnerability, restore body, cold resistance 1,
negative energy resistance 3, poison resistance, torment resistance, unbreathing
a: no special abilities


You were on level 3 of the Dungeon.
You were not hungry.

You visited 1 branch of the dungeon, and saw 3 of its levels.

You collected 63 gold pieces.

Inventory:

Hand weapons
 a - a +0 war axe
 c - a +0 mace (weapon)
 h - a +0 morningstar
Missiles
 e - 15 poisoned needles
Armour
 i - a +0 leather armour (worn)
Scrolls
 d - 3 scrolls of identify
 g - a scroll of remove curse
Books
 b - a book of Callings

   Spells                             Type                      Level
   *Summon Small Mammal               Summoning                    1
   *Call Imp                          Summoning                    2
   *Call Canine Familiar              Summoning                    3
   Summon Guardian Golem              Hexes/Summoning              4
   Summon Lightning Spire             Summoning/Air                4
   Summon Ice Beast                   Ice/Summoning                4


   Skills:
 - Level 1.5 Dodging
 - Level 1.5 Stealth
 * Level 3.6 Spellcasting
 * Level 4.3 Summonings


You had 4 spell levels left.
You knew the following spells:

 Your Spells              Type           Power        Failure   Level  Hunger
a - Summon Small Mammal   Summ           ###.         3%          1    N/A
b - Call Imp              Summ           ###.....     6%          2    N/A
c - Call Canine Familiar  Summ           ###.....     12%         3    N/A

Dungeon Overview and Level Annotations

Branches:
Dungeon (3/15)

Altars:


Innate Abilities, Weirdness & Mutations

You do not eat or drink.
Your flesh is vulnerable to fire.
Your flesh is cold resistant.
You are immune to negative energy.
Your system is resistant to poisons.
You are immune to unholy pain and torment.
You can survive without breathing.


Message History

Your crimson imp barely misses the orc.
Your crimson imp disappears in a puff of smoke!
You swap places.
The giant mite bites your crimson imp but does no damage.
Your crimson imp hits the giant mite.
The orc priest calls down the wrath of Beogh upon you.
Something smites you!
Your crimson imp closely misses the giant mite.
The orc hits your crimson imp with a war axe!
Your crimson imp hits the orc.
The orc dies!
Your crimson imp hits the giant mite.
The giant mite bites you.
Your crimson imp hits the giant mite.
Your crimson imp blinks!
The orc priest mumbles some strange prayers to Beogh against you.
Something smites you!
* * * LOW HITPOINT WARNING * * *
There is a stone staircase leading up here.
The giant mite bites you.
You die...

......# #. #.# ......#
#.#########.# ##'####
#.....o..)o(# #.#
###...######### #.#
#5..##......# ##.#
#...##......# ...#
#5..........#
#################s..........#
................@...........#
.##################.....#####
.# #............# #### .#
#.#.......#'## #... .#
###.##)######.# #... .#
#..5..........# #... .#
#...##.######## #... .#
#...##.# #... ## #...##.#
########...


You could see an orc priest, a giant mite and 2 friendly crimson imps.

Vanquished Creatures
  A hound (D:3)
  3 adders (D:2)
  A giant gecko (D:1)
  An ooze (D:3)
  A ball python (D:1)
  A bat (D:1)
  2 giant cockroaches (D:1)
  3 goblins
  5 hobgoblins
  An orc zombie (D:3)
  4 rats
23 creatures vanquished.

Vanquished Creatures (collateral kills)
  An orc priest (D:3)
  An orc wizard (D:3)
  2 adders
  2 giant mites (D:2)
  A worm (D:2)
  A giant gecko (D:1)
  3 orcs (D:3)
  5 bats
  A giant cockroach (D:1)
  4 goblins
  8 hobgoblins
  4 jackals (D:3)
  A quokka (D:3)
  A giant newt (D:2)
  6 kobolds
  2 rats
43 creatures vanquished.

Vanquished Creatures (others)
  A shadow imp (D:3)
  4 bats
  7 rats (D:1)
12 creatures vanquished.

Grand Total: 78 creatures vanquished

Notes
Turn   | Place    | Note
--------------------------------------------------------------
     0 | D:1      | Chiseanne, the Mummy Summoner, began the quest for the Orb.
     0 | D:1      | Reached XP level 1. HP: 13/13 MP: 3/3
   445 | D:1      | Reached XP level 2. HP: 19/19 MP: 0/4
   456 | D:1      | Learned a level 2 spell: Call Imp
  1304 | D:2      | Reached XP level 3. HP: 22/24 MP: 0/6
  5212 | D:1      | Learned a level 3 spell: Call Canine Familiar
  5808 | D:2      | Reached skill level 4 in Summonings
  6012 | D:2      | Reached XP level 4. HP: 25/30 MP: 9/9
  7802 | D:3      | HP: 1/30 [orc priest/divine providence (14)]
  7803 | D:3      | Slain by a giant mite

Action                   |  1- 3 |  4- 6 || total
-------------------------+-------+-------++-------
Melee: Club              |    17 |       ||    17
       Unarmed           |     1 |       ||     1
       Short sword       |    49 |    40 ||    89
       Mace              |       |    14 ||    14
 Cast: Summon Small Mamm |    26 |       ||    26
       Call Imp          |    34 |    29 ||    63
       Call Canine Famil |       |     1 ||     1
  Use: Scroll            |     3 |     1 ||     4
 Stab: Distracted        |       |     1 ||     1
